 Dungeon Crawl Stone Soup version 0.27-a0-1332-g84bddb5ca7 (webtiles) character file.

Game seed: 16074632940413530254

114 freelancePsychic the Covered (level 5, -2/38 HPs)
             Began as a Djinni Wanderer on June 25, 2021.
             Slain by a jelly (3 damage)
             ... on level 2 of the Dungeon.
             The game lasted 00:04:47 (2969 turns).

freelancePsychic the Covered (Djinni Wanderer)      Turns: 2969, Time: 00:04:47

Health: -2/38      AC:  2    Str: 10    XL:     5   Next: 19%
Gold:   122        EV: 15    Int: 14    God:
                   SH:  0    Dex: 14

rFire    + + .     SeeInvis .   a - +2 mace
rCold    x . .     Faith    .   (no shield)
rNeg     . . .     Spirit   .   b - +0 robe
rPois    ∞         Reflect  .   (no helmet)
rElec    .         Harm     .   (no cloak)
rCorr    .         Rampage  .   (no gloves)
Will     .....                  (boots unavailable)
Stlth    +.........             (no amulet)
HPRegen  0.12/turn              h - +4 ring of evasion
MPRegen  0.00/turn              (no ring)

@: flying
A: sickness immunity, fire resistance 2, cold vulnerability 1, float, innate
caster, hp casting, extra vitality 1
a: no special abilities


You were on level 2 of the Dungeon.
You visited 1 branch of the dungeon, and saw 3 of its levels.

You collected 122 gold pieces.

Inventory:

Hand Weapons
 a - a +2 mace (weapon)
Missiles
 d - 7 stones
Armour
 b - a +0 robe (worn)
Jewellery
 c - an amulet of faith
 h - a +4 ring of evasion (left hand)
Scrolls
 f - a scroll of fear {unknown}
 g - 2 scrolls of teleportation {@r4}
 i - a scroll of brand weapon {unknown}


   Skills:
 - Level 2.0 Fighting
 - Level 1.0 Maces & Flails
 - Level 5.0 Armour
 - Level 1.0 Shields
 * Level 3.3 Spellcasting
 - Level 1.0 Evocations


You couldn't memorise any spells.
You knew the following spells:

 Your Spells              Type           Power      Damage    Failure   Level
a - Sandblast             Erth           22%        2d7       5%          1
b - Stone Arrow           Conj/Erth      22%        3d8       16%         3
c - Teleport Other        Tloc           11%        N/A       16%         3
d - Apportation           Tloc           22%        N/A       5%          1
e - Summon Small Mammal   Summ           44%        N/A       5%          1
f - Call Imp              Summ           11%        N/A       9%          2

Your spell library contained the following spells:

 Spells                   Type           Power      Damage    Failure   Level


Dungeon Overview and Level Annotations

Branches:
Dungeon (3/15)

Altars:


Innate Abilities, Weirdness & Mutations

You are immune to sickness and miasma.
You are immune to poison.
Your flesh is very heat resistant. (rF++)
You are vulnerable to cold. (rC-)
You float through the air rather than walking.
You learn spells naturally, not from books.
Your magical power is your life essence.
You have superior vitality. (+4 HP)


Message History

The blast of sand hits the scorpion.
The scorpion is almost dead.
The scorpion barely misses you. The jelly hits you.
You are splashed with acid!
The scorpion completely misses you.
There is a stone staircase leading up here.
Casting: Sandblast (safe; 5% risk of failure)
Confirm with . or Enter, or press ? or * to list all spells.
Aiming: Sandblast (safe; 5% risk of failure)
Press: ? - help, Shift-Dir - straight line, f/p - scorpion
Aim: a scorpion (almost dead, 79% to hit)
You miscast Sandblast.
You are very lightly contaminated with residual magic.
Nothing appears to happen.
The scorpion closely misses you. The scorpion completely misses you.
Casting: Sandblast (safe; 5% risk of failure)
Confirm with . or Enter, or press ? or * to list all spells.
Aiming: Sandblast (safe; 5% risk of failure)
Press: ? - help, Shift-Dir - straight line, f/p - scorpion
Aim: a scorpion (almost dead, 79% to hit)
You miscast Sandblast.
Nothing appears to happen.
The jelly hits you but does no damage. The scorpion barely misses you.
The scorpion stings you. The jelly hits you.
You are splashed with acid!
* * * LOW HITPOINT WARNING * * *
You fly upwards.
There is a stone staircase leading down here.
As you read the scroll labelled XUDDAZU LAREODD, it crumbles to dust.
You feel strangely unstable.
It was a scroll of teleportation.
The scorpion misses you. The jelly closely misses you.
You completely miss the scorpion.
The scorpion is almost dead.
The scorpion stings you!
* * * LOW HITPOINT WARNING * * *
The jelly barely misses you.
The scorpion stings you but does no damage.
It was a potion of cancellation.
You feel strangely stable.
You feel magically purged.
Your magical contamination has completely faded away.
The jelly hits you.
You die...

..(..#
######.#...........# #..
####.#
#....#.#...........# #..
## #.#
#....#....)........# ###
.#
#.###....##............#
.#
#.............##########
.# #####....##...# .#
#....###..# .#
#####....# #Js# ##
#........# ##@#
#........# ###
#........# #........#
#.....#### #.....#
#.....# #.....# #.....#


You could see a scorpion and a jelly.

Vanquished Creatures
  3 gnolls (D:2)
  3 adders
  2 worms (D:3)
  2 dart slugs
  An endoplasm (D:1)
  4 giant cockroaches
  A goblin (D:1)
  2 hobgoblins (D:1)
  9 jackals
  2 quokkas (D:1)
  4 ball pythons
  5 bats
  5 frilled lizards
  3 kobolds
  5 rats
51 creatures vanquished.

Notes
Turn   | Place    | Note
-------+----------+-------------------------------------------
     0 | D:1      | freelancePsychic the Djinni Wanderer began the quest for
                  | the Orb.
     0 | D:1      | Reached XP level 1. HP: 18/18 MP: 0/0
   194 | D:1      | Reached skill level 1 in Spellcasting
   194 | D:1      | Reached XP level 2. HP: 23/23 MP: 0/0
   963 | D:1      | Reached XP level 3. HP: 13/28 MP: 0/0
   963 | D:1      | Learned a level 1 spell: Summon Small Mammal
  1992 | D:2      | Reached XP level 4. HP: 20/33 MP: 0/0
  2750 | D:3      | Reached XP level 5. HP: 33/38 MP: 0/0
  2750 | D:3      | Learned a level 2 spell: Call Imp
  2968 | D:2      | HP: 1/38 [scorpion (8)]
  2969 | D:2      | Slain by a jelly

Illustrated notes

Levels and vault maps discovered:
D:1:      evilmike_arrival_crescent, layout_loops_corners, minmay_tromino_i4
D:2:      layout_basic, minivault_27
D:3:      layout_loops_ring, gammafunk_temple_overflow_pools, tgw_kikubaaqudgha,
          ebering_ecumenical_altar_webs, uniq_grinder

Skill      XL: |  1  2  3  4 |
---------------+-------------+-----
Spellcasting   | 1 2 3 |  3.3
Fighting       | |  2.0
Maces & Flails | |  1.0
Armour         | |  5.0
Shields        | |  1.0
Evocations     | |  1.0

Action                   |  1- 3 |  4- 6 || total
-------------------------+-------+-------++-------
Melee: Mace              |    56 |     2 ||    58
 Cast: Sandblast         |    30 |    43 ||    73
  Use: Scroll            |     1 |     1 ||     2
       Potion            |       |     1 ||     1
Armor: Robe              |    25 |     4 ||    29
Dodge: Dodged            |    43 |    20 ||    63

Table legend: (Time is in decaauts)
 A = Elapsed time spent in this place.
 B = Non-inter-level travel time spent in this place.
 C = Inter-level travel time spent in this place.
 D = Time resting spent in this place.
 E = Time spent auto-exploring this place.
 F = Levels seen in this place.
 G = Mean time per level.
                   A        B        C        D        E       F      G
               +--------+--------+--------+--------+--------+-----+--------+
         Total |   2989 |   2947 |     42 |    328 |   2227 |   3 |  996.3 |
       Dungeon |   2989 |   2947 |     42 |    328 |   2227 |   3 |  996.3 |
               +--------+--------+--------+--------+--------+-----+--------+

Top non-repeatable levels by time:
     D:1: 1750 daAuts
     D:2: 993 daAuts
     D:3: 246 daAuts
